 Dungeon Crawl Stone Soup version 0.22.1-6-g1668fe2c40 (webtiles) character file.

74958 Gargoyl the Cleaver (level 15, -3/126 HPs)
             Began as a Centaur Abyssal Knight on Jan 28, 2019.
             Was the Champion of Lugonu.
             Killed from afar by an ice dragon (73 damage)
             ... with a blast of cold
             ... on level 15 of the Dungeon on Jan 29, 2019.
             The game lasted 00:48:46 (28966 turns).

Gargoyl the Cleaver (Centaur Abyssal Knight)       Turns: 28966, Time: 00:48:47

Health: -3/126     AC: 29    Str: 21    XL:     15   Next: 8%
Magic:  24/24      EV:  8    Int: 11    God:    Lugonu [******]
Gold:   1666       SH: 11    Dex: 18    Spells: 14/14 levels left

rFire    + + .     SeeInvis .   H - +6 broad axe (freeze)
rCold    x . .     Gourm    .   o - +0 shield
rNeg     + . .     Faith    .   T - +1 chain mail of Ewkiw {Str+2 Dex+2 Slay+3}
rPois    .         Spirit   .   y - +0 helmet
rElec    .         Reflect  .   (no cloak)
rCorr    .         Harm     .   z - +1 pair of gloves
MR       +....                  x - +4 centaur barding {Stlth+}
Stlth    ..........             K - amulet of regeneration
HPRegen  0.71/turn              d - +4 ring of protection
MPRegen  0.19/turn              u - ring of Udiwk {Fire rN+ Dex+5 Slay+2}

@: very quick
A: large, hooves 3, deformed body, fire resistance 1, speed 2, mutation
resistance 1, tough skin 3
a: Depart the Abyss, Bend Space, Banish, Corrupt, Enter the Abyss, Brand Weapon
With Distortion, Renounce Religion


You were on level 15 of the Dungeon.
You worshipped Lugonu.
Lugonu was exalted by your worship.
You were not hungry.

You visited 2 branches of the dungeon, and saw 21 of its levels.
You visited the Abyss 1 time.

You collected 1708 gold pieces.
You spent 42 gold pieces at shops.

Inventory:

Hand Weapons
 a - a +1 hand axe
 j - a +2 war axe of draining
 H - a +6 broad axe of freezing (weapon)
 Q - the +10 trident of Cipesu {pierce, Str+4 Int-4}
   (You found it on level 3 of the Lair of Beasts)

   It inflicts extra damage upon your enemies.
   It affects your strength (+4).
   It affects your intelligence (-4).
Missiles
 J - 6 javelins (quivered)
Armour
 o - a +0 shield (worn)
 x - a +4 centaur barding of stealth (worn)
 y - a +0 helmet (worn)
 z - a +1 pair of gloves (worn)
 T - the +1 chain mail of Ewkiw (worn) {Str+2 Dex+2 Slay+3}
   (You found it on level 5 of the Lair of Beasts)

   It affects your strength (+2).
   It affects your dexterity (+2).
   It affects your accuracy and damage with ranged weapons and melee attacks
   (+3).
Jewellery
 d - a +4 ring of protection (left hand)
 u - the ring of Udiwk (right hand) {Fire rN+ Dex+5 Slay+2}
   (You acquired it on level 6 of the Lair of Beasts)

   [ring of fire]

   It enhances your fire magic.
   It affects your dexterity (+5).
   It affects your accuracy and damage with ranged weapons and melee attacks
   (+2).
   It protects you from fire.
   It makes you vulnerable to cold.
   It protects you from negative energy.
 K - an amulet of regeneration (around neck)
 P - a +2 ring of protection
Wands
 b - a wand of digging (21)
 m - a wand of polymorph (57)
 s - a wand of enslavement (16)
 w - a wand of acid (12)
 C - a wand of flame (36)
 D - a wand of random effects (61)
 F - a wand of iceblast (11)
 M - a wand of clouds (1)
 U - a wand of paralysis (30)
Scrolls
 e - 12 scrolls of remove curse
 g - 4 scrolls of magic mapping
 k - 6 scrolls of amnesia
 n - 10 scrolls of teleportation
 q - 5 scrolls of identify
 r - 2 scrolls of fog
 L - a scroll of fear
 O - 2 scrolls of blinking
 R - a scroll of enchant armour
 W - a scroll of silence
Potions
 f - 9 potions of heal wounds
 h - 2 potions of brilliance
 i - 8 potions of curing
 l - a potion of berserk rage
 p - 3 potions of cancellation
 t - 2 potions of resistance
 v - a potion of haste
 A - 3 potions of might
 B - 3 potions of flight
 E - 3 potions of magic
 G - 4 potions of lignification {unknown}
 I - 4 potions of agility {unknown}
 N - 3 potions of mutation
 S - a potion of invisibility
Miscellaneous
 V - a lightning rod (4/4)
Comestibles
 c - 44 rations
 X - 4 chunks of flesh


   Skills:
 + Level 9.7 Fighting
 + Level 13.2 Axes
 + Level 1.1 Throwing
 * Level 9.6 Armour
 * Level 8.6 Dodging
 + Level 5.7 Shields
 * Level 12.2 Invocations
 + Level 0.6 Evocations


You had 14 spell levels left.
You didn't know any spells.
Your spell library contained the following spells:

 Spells                   Type           Power        Failure   Level  Hunger
 Apportation              Tloc           #.....       99%         1    ##.....
 Confusing Touch          Hex            #.....       99%         1    ##.....
 Infusion                 Chrm           #...         99%         1    ##.....
 Sting                    Conj/Pois      #...         99%         1    ##.....
 Summon Butterflies       Summ           #.......     99%         1    ##.....
 Poisonous Vapours        Pois/Air       #.....       100%        2    ###....
 Shroud of Golubria       Chrm/Tloc      #.........   100%        2    ###....
 Song of Slaying          Chrm           #.......     100%        2    ###....
 Confuse                  Hex            #.......     100%        3    ####...
 Conjure Flame            Conj/Fire      #.......     100%        3    ####...
 Gell's Gravitas          Tloc           #.........   100%        3    ####...
 Lesser Beckoning         Tloc           #.........   100%        3    ####...
 Mephitic Cloud           Conj/Pois/Air  #.......     100%        3    ####...
 Regeneration             Chrm/Necr      #.........   100%        3    ####...
 Spectral Weapon          Hex/Chrm       #.......     100%        3    ####...
 Tukima's Dance           Hex            #.......     100%        3    ####...
 Ice Form                 Ice/Tmut       #.......     100%        4    #####..
 Olgreb's Toxic Radiance  Pois           #.......     100%        4    #####..
 Petrify                  Tmut/Erth      #.......     100%        4    #####..
 Alistair's Intoxication  Tmut/Pois      #.......     100%        5    ######.
 Metabolic Englaciation   Hex/Ice        #.........   100%        5    ######.
 Venom Bolt               Conj/Pois      #.........   100%        5    ######.
 Yara's Violent Unravell  Hex/Tmut       #.........   100%        5    ######.
 Bolt of Cold             Conj/Ice       #.........   100%        6    #######
 Freezing Cloud           Conj/Ice/Air   #.........   100%        6    #######
 Invisibility             Hex            #.......     100%        6    #######
 Ozocubu's Refrigeration  Ice            #.........   100%        6    #######
 Simulacrum               Ice/Necr       #.........   100%        6    #######
 Ring of Flames           Chrm/Fire      #.........   100%        7    #######


Dungeon Overview and Level Annotations

Branches:
Dungeon (15/15)            Temple (0/1) D:7            Lair (6/6) D:11
 Shoals (0/4) Lair:3        Snake (0/4) Lair:3        Slime (0/5) Lair:6
    Orc (0/2) D:10         Vaults (0/5) D:14
 Depths: D:15

Altars:
Ashenzari
Cheibriados
Elyvilon
Kikubaaqudgha
Makhleb
Okawaru
Sif Muna
Trog
Uskayaw
Xom
The Shining One

Shops:
D:6 }   D:8 ?   D:9 %

Annotations:
D:1 Robin


Innate Abilities, Weirdness & Mutations

You have hooves in place of feet.
Armour fits poorly on your strangely shaped body.
You cover ground very quickly.
You have extremely tough skin. (AC +3)
Your flesh is heat resistant. (rF+)
You are somewhat resistant to further mutation.


Message History

You barely miss the fire dragon. You kick the fire dragon.
The fire dragon is lightly wounded.
The fire dragon barely misses you. The fire dragon claws you.
The fire dragon misses you.
You slice the fire dragon!! You freeze the fire dragon!
Your kick misses the fire dragon.
The fire dragon is heavily wounded.
The fire dragon bites you but does no damage.
You block the fire dragon's attack.
The fire dragon tramples you but does no damage.
You slash the fire dragon! You freeze the fire dragon!
The fire dragon is severely wounded.
You block the fire dragon's attack. x2; The fire dragon barely misses you.
You slice the fire dragon!! You freeze the fire dragon.
You kill the fire dragon!
Lugonu accepts your kill. The ice dragon breathes frost at you.
The blast of cold hits you!
You feel a terrible chill!
Ouch! That really hurt!
You die...

#..........##########............
#................................
#........<...##..................
#(............##.................
#..............##................
#######....#....#################
#....+..8..# .. #....#.....# ..
#....##.##@# ## ####...###.# ##
#...##.D.# #. #...#..#..# #.
#...#$. .$# +. #...#$. .$# #.
######...#$. .$# #. #.....####$.
.$##### ####. #.....#..##.
.###..# ...#....


You could see an ice dragon.

Vanquished Creatures
  Frances (D:12)
  Azrael (D:12)
  Nessos (D:14)
  Snorg (D:12)
  The ghost of spacerossing the Blocker, a journeyman GnFi of Okawaru (D:12)
  A fire dragon (D:15)
  A yaktaur captain (D:14)
  4 catoblepae
  A centaur warrior (D:15)
  3 two-headed ogres
  2 tengu warriors (D:15)
  13 death yaks (Lair:6)
  Sonja (Lair:5)
  2 unseen horrors
  A cyclops (D:13)
  A deep elf mage (D:12)
  3 manticores
  Maurice (D:13)
  13 elephants
  Joseph (D:9)
  2 centaur zombies
  2 black mambas
  10 spiny frogs
  3 gargoyles
  5 kobold demonologists
  An efreet (D:15)
  2 yaktaurs (D:14)
  2 rime drakes
  4 red devils (D:13)
  5 komodo dragons
  A hornet (Lair:2)
  4 trolls
  A meliai (shapeshifter) (D:15)
  2 polar bears
  A blink frog (Lair:3)
  5 slime creatures
  9 dream sheep
  12 hippogriffs
  A meliai zombie (D:14)
  A wyvern (D:15)
  A human (D:12)
  2 fire elementals (D:12)
  3 basilisks
  55 yaks
  2 hungry ghosts
  4 vampire mosquitoes (D:12)
  4 wargs (D:10)
  2 nagas (Lair:3)
  2 porcupines
  6 hell hounds (D:12)
  An acid dragon (D:12)
  10 water moccasins
  A soldier ant (D:13)
  18 orc warriors
  6 sky beasts
  5 black bears
  A hornet zombie (D:15)
  5 ice beasts
  2 necrophages
  8 ogres
  2 eyes of draining
  5 phantoms
  15 centaurs
  18 crocodiles
  A wolf (Lair:3)
  13 big kobolds
  13 bullfrogs
  2 wyvern zombies
  2 wyvern skeletons
  4 scorpions
  3 killer bees (D:12)
  11 wights
  2 electric eels
  3 bullfrog zombies
  8 crimson imps
  5 jellies
  23 orc wizards
  8 centaur skeletons
  7 hounds
  9 orc priests
  A bullfrog skeleton (D:9)
  4 iguanas
  Natasha (thrice) (D:2)
  4 worker ants
  A killer bee zombie (D:8)
  2 worker ant zombies
  3 gnolls (D:8)
  24 adders
  6 shadow imps
  5 oozes
  A worm (D:2)
  A dart slug (D:1)
  3 leopard geckos
  63 orcs
  6 bats
  6 giant cockroaches
  18 goblins
  8 hobgoblins
  6 jackals
  24 kobolds
  3 quokkas
  3 ball pythons
  9 frilled lizards
  A giant cockroach zombie (D:5)
  A jackal skeleton (D:4)
  7 rats
  2 fungi
  A plant (Lair:6)
634 creatures vanquished.

Vanquished Creatures (others)
  3 hydras
  The ghost of Cykl0x the Cleaver, a novice DDFi (D:5)
  8 oklob plants
  A bush (Lair:6)
  24 fungi
  34 plants
  7 toadstools (D:5)
78 creatures vanquished.

Grand Total: 712 creatures vanquished

Notes
Turn   | Place    | Note
-------+----------+-------------------------------------------
     0 | Abyss:1  | Gargoyl the Centaur Abyssal Knight began the quest for the
                  | Orb.
     0 | Abyss:1  | Reached XP level 1. HP: 19/19 MP: 2/2
    25 | Abyss:2  | Found a hazy altar of Hepliaklqana.
    56 | Abyss:2  | Noticed an iron imp
    58 | Abyss:2  | Noticed a wight
    58 | Abyss:2  | Noticed a wight
    59 | Abyss:2  | Noticed a wight
    63 | Abyss:2  | Noticed an ancient zyme
    66 | D:1      | Escaped the Abyss
   228 | D:1      | Found a glowing golden altar of the Shining One.
   442 | D:1      | Reached XP level 2. HP: 26/26 MP: 3/3
   579 | D:1      | Reached skill level 2 in Axes
   588 | D:1      | Reached * piety under Lugonu
   623 | D:1      | Reached skill level 1 in Dodging
  1095 | D:1      | Reached XP level 3. HP: 31/31 MP: 4/4
  1466 | D:2      | Noticed Natasha
  1472 | D:2      | Killed Natasha
  1701 | D:2      | Noticed Natasha
  1708 | D:2      | Killed Natasha
  1708 | D:2      | Reached XP level 4. HP: 29/40 MP: 5/5
  1814 | D:2      | Noticed Robin
  2028 | D:1      | Gained mutation: You are somewhat resistant to further
                  | mutation. [potion of mutation]
  2028 | D:1      | Gained mutation: Your flesh is heat resistant. (rF+)
                  | [potion of mutation]
  2067 | D:2      | Noticed Natasha
  2304 | D:2      | Killed Natasha
  2304 | D:2      | Reached XP level 5. HP: 39/46 MP: 6/6
  2393 | D:2      | Reached ** piety under Lugonu
  2491 | D:2      | Found a faded altar of an unknown god.
  2827 | D:2      | Found a burning altar of Makhleb.
  2973 | D:3      | Reached skill level 3 in Axes
  3354 | D:3      | Reached *** piety under Lugonu
  4193 | D:4      | Noticed a phantom
  4223 | D:4      | Killed a phantom
  4223 | D:4      | Reached XP level 6. HP: 27/52 MP: 8/8
  4608 | D:5      | Entered Level 5 of the Dungeon
  5357 | D:5      | Reached XP level 7. HP: 45/59 MP: 9/9
  5635 | D:5      | Found a runed gate.
  5636 | D:5      | Found a runed gate.
  5637 | D:5      | Found a runed gate.
  5638 | D:5      | Noticed Cykl0x's ghost (novice DDFi)
  5681 | D:5      | Banished Cykl0x's ghost
  5681 | D:5      | Reached skill level 4 in Axes
  5681 | D:5      | Reached skill level 1 in Shields
  6205 | D:5      | Noticed a slime creature
  6205 | D:5      | Noticed a slime creature
  6489 | D:5      | Reached XP level 8. HP: 62/67 MP: 11/11
  6617 | D:5      | Killed a slime creature
  6695 | D:5      | Killed a slime creature
  6695 | D:5      | Reached skill level 5 in Axes
  6832 | D:6      | Found a white marble altar of Elyvilon.
  6832 | D:6      | Found an ancient bone altar of Kikubaaqudgha.
  7254 | D:6      | Reached skill level 5 in Invocations
  7399 | D:6      | Found a snail-covered altar of Cheibriados.
  7414 | D:6      | Reached skill level 5 in Fighting
  7504 | D:6      | Found Luufy's Gadget Emporium.
  8022 | D:7      | Reached XP level 9. HP: 65/74 MP: 12/12
  8151 | D:7      | Reached **** piety under Lugonu
  8434 | D:6      | Reached skill level 6 in Axes
  8812 | D:7      | Reached skill level 5 in Armour
  9111 | D:6      | Noticed a rust devil
  9111 | D:6      | Noticed a rust devil
  9146 | D:7      | HP: 1/74 [orc (3)]
  9600 | D:7      | Found a deep blue altar of Sif Muna.
  9649 | D:7      | Found a staircase to the Ecumenical Temple.
  9686 | D:7      | Found a hide-covered altar of Uskayaw.
 10114 | D:8      | Found Laowkaku's Magic Scroll Shoppe.
 10118 | D:8      | Bought a scroll of teleportation for 42 gold pieces
 10242 | D:8      | Found an iron altar of Okawaru.
 10278 | D:8      | Noticed a two-headed ogre
 10281 | D:8      | Banished a two-headed ogre
 10323 | D:8      | Reached XP level 10. HP: 81/83 MP: 14/14
 10370 | D:8      | Reached skill level 7 in Axes
 10679 | D:9      | Got an ancient quarterstaff
 10685 | D:9      | Identified the cursed +1 quarterstaff "Gotzie Xuko" {crush,
                  | rC+ Dex+4} (You found it on level 9 of the Dungeon)
 10885 | D:9      | You fall through a shaft for 3 floors!
 10925 | D:11     | Reached ***** piety under Lugonu
 11402 | D:11     | Identified a scroll of acquirement
 12042 | D:10     | Entered Level 10 of the Dungeon
 12083 | D:9      | Found a bloodstained altar of Trog.
 12379 | D:9      | Reached skill level 8 in Axes
 13183 | D:9      | Noticed Joseph
 13210 | D:9      | Killed Joseph
 13210 | D:9      | Reached skill level 5 in Dodging
 13529 | D:9      | Found Farink's Food Shop.
 13769 | D:11     | Reached XP level 11. HP: 68/91 MP: 16/16
 14845 | D:10     | Found a staircase to the Orcish Mines.
 16009 | D:11     | Found a staircase to the Lair.
 16193 | Lair:1   | Entered Level 1 of the Lair of Beasts
 16551 | Lair:1   | Noticed a seven-headed hydra
 16554 | Lair:1   | Banished a seven-headed hydra
 16985 | Lair:1   | Reached skill level 9 in Axes
 17465 | Lair:2   | Paralysed by a hornet for 2 turns
 17475 | Lair:2   | Paralysed by a hornet for 1 turns
 19018 | Lair:3   | Noticed an oklob plant
 19037 | Lair:3   | Reached XP level 12. HP: 100/100 MP: 18/18
 19216 | Lair:3   | Reached skill level 10 in Axes
 19580 | Lair:3   | Found a staircase to the Snake Pit.
 19931 | Lair:3   | Found a staircase to the Shoals.
 20315 | Lair:3   | Got a slimy trident
 20316 | Lair:3   | Identified the +10 trident of Cipesu {pierce, Str+4 Int-4}
                  | (You found it on level 3 of the Lair of Beasts)
 20737 | Lair:4   | Noticed an eight-headed hydra
 20738 | Lair:4   | Banished an eight-headed hydra
 21381 | Lair:5   | Noticed a six-headed hydra
 21382 | Lair:5   | Banished a six-headed hydra
 21690 | Lair:5   | Got a faintly glowing chain mail
 21701 | Lair:5   | Identified the +1 chain mail of Ewkiw {Str+2 Dex+2 Slay+3}
                  | (You found it on level 5 of the Lair of Beasts)
 21830 | Lair:5   | Noticed Sonja
 22432 | Lair:5   | Killed Sonja
 22432 | Lair:5   | Reached skill level 1 in Throwing
 22432 | Lair:5   | Reached skill level 10 in Invocations
 22539 | Lair:6   | Entered Level 6 of the Lair of Beasts
 22737 | Lair:5   | Reached XP level 13. HP: 39/107 MP: 20/20
 22893 | Lair:6   | Found a staircase to the Slime Pits.
 23014 | Lair:6   | Reached skill level 11 in Axes
 23530 | Lair:6   | Got a translucent marble ring
 23532 | Lair:6   | Identified the ring of Udiwk {Fire rN+ Dex+5 Slay+2} (You
                  | acquired it on level 6 of the Lair of Beasts)
 24031 | Lair:6   | Reached skill level 5 in Shields
 24330 | Lair:6   | Reached skill level 12 in Axes
 24528 | Lair:6   | Reached XP level 14. HP: 102/116 MP: 22/22
 24943 | D:12     | Noticed Azrael
 24955 | D:12     | Killed Azrael
 25042 | D:12     | Found Xocsal's Weapon Shop.
 25131 | D:12     | Noticed Snorg
 25144 | D:12     | Killed Snorg
 25353 | D:12     | Found a shimmering altar of Xom.
 25353 | D:12     | Found a shimmering altar of Xom.
 25353 | D:12     | Found a shimmering altar of Xom.
 25356 | D:12     | Found a shimmering altar of Xom.
 25356 | D:12     | Found a shimmering altar of Xom.
 25356 | D:12     | Found a shimmering altar of Xom.
 25387 | D:12     | Found a runed gate.
 25387 | D:12     | Found a runed gate.
 25390 | D:12     | Found a runed gate.
 25391 | D:12     | Noticed spacerossing's ghost (journeyman GnFi)
 25883 | D:12     | Noticed Frances
 25895 | D:12     | Killed Frances
 26157 | D:12     | Killed spacerossing's ghost
 26320 | D:13     | Reached ****** piety under Lugonu
 26649 | D:13     | Noticed Maurice
 26657 | D:13     | Killed Maurice
 27420 | D:14     | Got a bloodstained ring mail
 27431 | D:14     | Identified the +3 ring mail of the Bruised Moons {rElec
                  | rCorr Dex-5 Stlth+} (You found it on level 14 of the
                  | Dungeon)
 27510 | D:14     | Noticed Nessos
 27525 | D:14     | Killed Nessos
 27762 | D:14     | Found a hide-covered altar of Uskayaw.
 27767 | D:14     | Reached skill level 13 in Axes
 27829 | D:14     | Found a gate to the Vaults.
 27830 | D:14     | Found a shattered altar of Ashenzari.
 28330 | D:15     | Entered Level 15 of the Dungeon
 28564 | D:15     | Reached XP level 15. HP: 118/126 MP: 24/24
 28966 | D:15     | Killed from afar by an ice dragon

Skill      XL: |  1  2  3  4  5  6  7  8  9 10 11 12 13 14 |
---------------+-------------------------------------------+-----
Axes           | 2 3 4 5 6 8 9 10 12 13 | 13.2
Dodging        | 1 2 3 4 5 6 7 8 |  8.6
Armour         | 2 3 4 5 6 7 8 9 |  9.6
Invocations    | 3 4 5 6 7 8 10 11 12 | 12.2
Fighting       | 4 5 6 7 8 9 |  9.7
Shields        | 1 2 3 4 5 |  5.7
Throwing       | 1 |  1.1
Evocations     | |  0.6

Action                   |  1- 3 |  4- 6 |  7- 9 | 10-12 | 13-15 || total
-------------------------+-------+-------+-------+-------+-------++-------
Melee: Hand axe          |    77 |   253 |       |       |       ||   330
       Kick              |    14 |    52 |    76 |   225 |   297 ||   664
       War axe           |       |     8 |   295 |   754 |       ||  1057
       Broad axe         |       |       |       |   162 |   659 ||   821
Throw: Tomahawk          |       |       |     2 |     9 |       ||    11
       Javelin           |       |       |       |     8 |     2 ||    10
Invok: Depart the Abyss  |     1 |       |       |       |       ||     1
       Banish            |       |       |     2 |    10 |     5 ||    17
       Bend Space        |       |       |       |     5 |       ||     5
Evoke: Wand              |       |       |     1 |     1 |       ||     2
  Use: Scroll            |     1 |    13 |       |    24 |     8 ||    46
       Potion            |       |     2 |     1 |     1 |     1 ||     5
 Stab: Petrifying        |       |       |       |       |     2 ||     2
       Petrified         |       |       |       |       |     2 ||     2
  Eat: Chunk             |     1 |     3 |     1 |    32 |    18 ||    55
       Ration            |       |     2 |     4 |     2 |     1 ||     9
Armor: Leather armour    |    37 |    11 |       |       |       ||    48
       Scale mail        |       |   165 |   199 |   143 |       ||   507
       Plate armour      |       |       |       |   638 |       ||   638
       Chain mail        |       |       |       |    87 |   401 ||   488
Dodge: Dodged            |    34 |    83 |    95 |   107 |   157 ||   476
Block: Shield            |       |    66 |   150 |   535 |   318 ||  1069
